 Dungeon Crawl Stone Soup version 0.28-a0-80-g9707f7362f (webtiles) character file.

Game seed: 15397805978293308426

18 leviel the Skirmisher (level 2, 27/27 HPs)
             Began as a Hill Orc Fighter on June 24, 2021.
             Quit the game on level 1 of the Dungeon on Aug 4, 2021.
             The game lasted 00:01:31 (584 turns).

leviel the Skirmisher (Hill Orc Fighter)             Turns: 584, Time: 00:01:32

Health: 27/27      AC:  6    Str: 18    XL:     2   Next: 70%
Magic:  2/2        EV:  7    Int:  8    God:
Gold:   43         SH:  9    Dex: 10    Spells: 1/1 levels left

rFire   . . .      SeeInvis .   a - +0 long sword
rCold   . . .      Faith    .   c - +0 kite shield
rNeg    . . .      Spirit   .   b - +0 scale mail
rPois   .          Reflect  .   (no helmet)
rElec   .          Harm     .   (no cloak)
rCorr   .          Rampage  .   (no gloves)
Will    .....                   (no boots)
Stlth   ..........              (no amulet)
HPRegen 0.09/turn               (no ring)
MPRegen 0.08/turn               (no ring)

@: no status effects
A: no striking features
a: no special abilities


You were on level 1 of the Dungeon.
You visited 1 branch of the dungeon, and saw 1 of its levels.

You collected 43 gold pieces.

Inventory:

Hand Weapons
 a - a +0 long sword (weapon)
Armour
 b - a +0 scale mail (worn)
 c - a +0 kite shield (worn)
Scrolls
 g - a scroll of silence {unknown}
Potions
 d - a potion of might
 e - 2 potions of curing {unknown}
 f - a potion of lignification {unknown}
 h - a potion of heal wounds {unknown}
 i - a potion of haste {unknown}


   Skills:
 - Level 3.7 Fighting
 + Level 3.3 Long Blades
 - Level 3.3 Armour
 - Level 3.3 Shields


You had one spell level left.
You didn't know any spells.
Your spell library contained the following spells:

 Spells                   Type           Power      Damage    Failure   Level
 Summon Small Mammal      Summ           0%         N/A       99%         1
 Call Imp                 Summ           0%         N/A       100%        2
 Call Canine Familiar     Summ           0%         N/A       100%        3
 Summon Guardian Golem    Hex/Summ       0%         N/A       100%        3
 Summon Ice Beast         Ice/Summ       0%         N/A       100%        4
 Summon Lightning Spire   Summ/Air       0%         N/A       100%        4


Dungeon Overview and Level Annotations

Branches:
Dungeon (1/15)

Altars:


Message History

A quokka comes into view.
A quokka is nearby!
You miss the quokka. You block the quokka's attack.
You miss the quokka.
The quokka bites you but does no damage.
The quokka completely misses you.
You closely miss the quokka. The quokka bites you.
You block the quokka's attack.
You barely miss the quokka. You block the quokka's attack.
The quokka barely misses you.
You riposte.
You hit the quokka.
The quokka is moderately wounded.
You hit the quokka but do no damage.
The quokka is moderately wounded.
The quokka barely misses you.
The quokka bites you but does no damage.
You miss the quokka.
The quokka is moderately wounded.
The quokka bites you but does no damage.
You hit the quokka.
You kill the quokka!
No target in view!
No target in view!
No target in view!
No target in view!
No target in view!
No target in view!
No target in view!
No target in view!
e - 2 ruby potions (gained 1)
You see here a +0 leather armour.
Done exploring.
Done exploring.
Done exploring.
Done exploring.
Setting a skill training target for Long Blades at 14.0.
Unknown command.
Unknown command.
Welcome back, leviel the Hill Orc Fighter.
Press ? for a list of commands and other information.
Are you sure you want to abandon this character and quit the game? (Confirm with "yes".)

#.#.#
#.#.#
#.#.#
#.#[#
#.#.#
#.#.#
#.#.#
#.#.#
#.@.#
#####


There were no monsters in sight!

Vanquished Creatures
  An endoplasm (D:1)
  3 goblins (D:1)
  A quokka (D:1)
  5 ball pythons (D:1)
  A bat (D:1)
  3 frilled lizards (D:1)
  3 kobolds (D:1)
  3 rats (D:1)
20 creatures vanquished.

Notes
Turn   | Place    | Note
-------+----------+-------------------------------------------
     0 | D:1      | leviel the Hill Orc Fighter began the quest for the Orb.
     0 | D:1      | Reached XP level 1. HP: 19/19 MP: 1/1
    93 | D:1      | Reached XP level 2. HP: 24/27 MP: 2/2
   461 | D:1      | Found a faded altar of an unknown god.
   584 | D:1      | Upgraded the game from 0.27-a0-1325-g58a489ad9e to
                  | 0.28-a0-80-g9707f7362f
   584 | D:1      | Quit the game

Illustrated notes

Levels and vault maps discovered:
D:1:      psy_arrival_terrarium, layout_rooms, ebering_ecumenical_altar_box

Skill      XL: |  1  2 |
---------------+-------+-----
Long Blades    | 3 |  3.3
Fighting       | |  3.7
Armour         | |  3.3
Shields        | |  3.3

Action                   || total
-------------------------++-------
Melee: Long sword        ||    61
  Use: Scroll            ||     1
Armor: Scale mail        ||    27
Dodge: Dodged            ||    19
Block: Kite shield       ||    35
       Rpst.: Long sword ||     3

Table legend: (Time is in decaauts)
 A = Elapsed time spent in this place.
 B = Non-inter-level travel time spent in this place.
 C = Inter-level travel time spent in this place.
 D = Time resting spent in this place.
 E = Time spent auto-exploring this place.
 F = Levels seen in this place.
 G = Mean time per level.
                   A        B        C        D        E       F      G
               +--------+--------+--------+--------+--------+-----+--------+
         Total |    614 |    614 |      0 |      0 |    469 |   1 |  614.0 |
       Dungeon |    614 |    614 |      0 |      0 |    469 |   1 |  614.0 |
               +--------+--------+--------+--------+--------+-----+--------+

Top non-repeatable levels by time:
     D:1: 614 daAuts
